 Dungeon Crawl Stone Soup version 0.30-b1-2-g02819fbbbe (webtiles) character file.

Game seed: 660611427783253896

1001 Alarkh the Skirmisher (level 8, 59/59 HPs)
             Began as a Demonspawn Hunter on July 8, 2023.
             Got out of the dungeon alive.
             The game lasted 00:06:54 (5073 turns).

Alarkh the Skirmisher (Demonspawn Hunter)           Turns: 5073, Time: 00:06:55

Health: 59/59      AC:  9    Str: 13    XL:     8   Next: 0%
Magic:  8/8        EV: 12    Int: 12    God:
Gold:   306        SH:  0    Dex: 22    Spells: 7/7 levels left

rFire   . . .        a - +0 shortbow
rCold   . . .        (shield currently unavailable)
rNeg    . . .        c - +0 leather armour
rPois   .            p - +0 helmet
rElec   .            (no cloak)
rCorr   .            y - +0 pair of gloves
SInv    .            j - +0 pair of boots
Will    .....        (no amulet)
Stlth   ++           x - +6 ring of dexterity
HPRegen 0.29/turn    (no ring)
MPRegen 0.11/turn

%: no passive effects
@: no status effects
A: claws 1, rugged brown scales 3, ignite blood 1
a: no special abilities


You escaped.
You visited 2 branches of the dungeon, and saw 7 of its levels.
You also visited: Sewer.

You collected 306 gold pieces.

Inventory:

Hand Weapons
 a - a +0 shortbow (weapon)
 b - a +2 short sword of venom
Armour
 c - a +0 leather armour (worn)
 j - a +0 pair of boots (worn)
 p - a +0 helmet (worn)
 y - a +0 pair of gloves (worn)
Jewellery
 x - a +6 ring of dexterity (left hand)
 z - a ring of magical power
Wands
 q - a wand of flame (25)
Scrolls
 d - a scroll of summoning {unknown}
 f - a scroll of torment {unknown}
 h - 2 scrolls of teleportation
 i - a scroll of blinking
 l - a scroll of immolation
 m - a scroll of vulnerability {unknown}
 n - a scroll of enchant weapon {unknown}
 o - a scroll of amnesia {unknown}
 v - a scroll of fear {unknown}
Potions
 e - a potion of haste {unknown}
 k - 2 potions of brilliance
 r - 3 potions of cancellation
 s - a potion of degeneration {unknown}
 t - a potion of invisibility {unknown}
 u - a potion of heal wounds
 w - a potion of flight
 A - a potion of ambrosia {unknown}


   Skills:
 - Level 2.0 Fighting
 + Level 9.3 Ranged Weapons
 - Level 1.7 Dodging
 - Level 0.8 Stealth


You had 7 spell levels left.
You didn't know any spells.
Your spell library was empty.

Dungeon Overview and Level Annotations

Branches:
Dungeon (6/15)             Temple (1/1) D:4           Sewer (visited)

Altars:
Cheibriados
Fedhas
Gozag
Hepliaklqana
Kikubaaqudgha
Nemelex Xobeh
Ru
Sif Muna
Trog
Vehumet
Wu Jian
Xom

Shops:
D:1 (   D:2 [


Innate Abilities, Weirdness & Mutations

You have sharp fingernails.
You are completely covered in rugged brown scales. (AC +3, +7% HP)
Your demonic aura sometimes causes spilled blood to erupt in flames.


Message History

Menkaure is almost destroyed.
Menkaure closely misses you.
You shoot an arrow.
The arrow hits Menkaure but does no damage.
Menkaure is almost destroyed.
Menkaure casts a spell.
Menkaure seems to speed up.
You shoot an arrow. The arrow hits Menkaure!
You destroy Menkaure!
You have reached level 8!
You feel stronger.
Your demonic ancestry asserts itself...
Your blood heats up.
(D) Dungeon (T) Temple
Where to? (Enter - D:5, ? - help)
What level of the Dungeon? (default 1, ? - help)
There is a stone staircase leading up here.
Things that are here:
a +0 hand axe; a +0 chain mail You climb upwards.
There is a stone staircase leading down here.
There is a stone staircase leading up here.
You climb upwards.
There is a stone staircase leading down here.
You open the door.
There is an open door here.
You see here an adder skeleton.
HP restored.
There is an open door here.
There is an open door here.
There is an open door here.
There is a stone staircase leading up here.
You climb upwards.
There is a stone staircase leading down here.
There is a stone staircase leading up here.
You climb upwards.
There is a stone staircase leading down here.
There is an empty arch of ancient stone here.
There is a staircase leading out of the dungeon here.
Are you sure you want to leave the Dungeon?
This will make you lose the game!
You have escaped!

#.............#####
#####'#.#.#§..♣♣.♣♣#
......#.#.§§♣..♣...♣♣##
......#.#§§§§♣♣..♣♣♣§§#
......#.#°§°♣♣♣⌠.⌠☼§♣8#
......#.#..♣..⌠..§§♣§.##
....#.#.#.♣♣♣⌠..∩§§⌠♣♣.#
....#.#.#...⌠.......⌠.♣#
....#.#.#.♣♣..∩.@.∩...♣#
....#.#.#.♣.⌠.......⌠♣.#
........#..♣.§..∩..⌠.♣♣#
....#.###...♣♣☼...⌠♣♣.#
....#.#....♣♣§§§.⌠..♣§#
....#.#....8§♣♣.♣♣♣♣.☼#
......#....§§♣.♣♣ ♣.##
#.....#.###§##.♣ ###
....>...# #(####


There were no monsters in sight!

Vanquished Creatures
  Menkaure (D:5)
  Edmund (D:5)
  A centaur (D:5)
  An ogre (D:5)
  2 scorpions
  A howler monkey (D:6)
  5 jellies
  2 hounds (D:5)
  2 iguanas (D:5)
  5 adders
  3 river rats
  A white imp (D:5)
  An ufetubus (D:4)
  2 worms (D:2)
  A dart slug (D:4)
  10 orcs
  15 ball pythons
  3 bats
  11 endoplasms
  7 giant cockroaches
  7 hobgoblins
  4 jackals (D:1)
  3 quokkas
  6 frilled lizards
  6 goblins
  6 kobolds
  5 rats
112 creatures vanquished.

Notes
Turn   | Place    | Note
-------+----------+-------------------------------------------
     0 | D:1      | Alarkh the Demonspawn Hunter began the quest for the Orb.
     0 | D:1      | Reached XP level 1. HP: 16/16 MP: 1/1
    72 | D:1      | Reached skill level 4 in Ranged Weapons
    73 | D:1      | Gained mutation: You have sharp fingernails. [demonic
                  | ancestry]
    73 | D:1      | Reached XP level 2. HP: 21/22 MP: 2/2
   670 | D:1      | Found Pacak's Weapon Shoppe.
   823 | D:2      | Gained mutation: You are partially covered in rugged brown
                  | scales. (AC +1, +3% HP) [demonic ancestry]
   823 | D:2      | Reached XP level 3. HP: 22/27 MP: 3/3
   909 | D:2      | Found a faded altar of an unknown god.
  1065 | D:2      | Reached skill level 5 in Ranged Weapons
  1264 | D:2      | Found a bloodstained altar of Trog.
  1366 | D:2      | Found Waschoge's Antique Armour Emporium.
  1536 | D:3      | Reached XP level 4. HP: 33/33 MP: 4/4
  1945 | D:3      | You fall into a shaft and drop 3 floors!
  1984 | D:6      | Gained mutation: You are mostly covered in rugged brown
                  | scales. (AC +2, +5% HP) [demonic ancestry]
  1984 | D:6      | Reached XP level 5. HP: 18/39 MP: 5/5
  2063 | D:5      | Entered Level 5 of the Dungeon
  2086 | D:5      | Found a glowing drain.
  2116 | Sewer    | Entered a sewer
  2132 | Sewer    | Reached skill level 6 in Ranged Weapons
  2233 | Sewer    | Gained mutation: You are completely covered in rugged brown
                  | scales. (AC +3, +7% HP) [demonic ancestry]
  2233 | Sewer    | Reached XP level 6. HP: 39/47 MP: 6/6
  2263 | Sewer    | Found a viscous altar of Jiyva.
  2483 | D:5      | Reached skill level 7 in Ranged Weapons
  2763 | D:4      | Found a snail-covered altar of Cheibriados.
  2813 | D:4      | Found a staircase to the Ecumenical Temple.
  2854 | Temple   | Entered the Ecumenical Temple
  3466 | D:4      | Found a bloodstained altar of Trog.
  4104 | D:5      | Identified the +1 flail of Eternal Harmony {heavy, Will+}
  4171 | D:5      | Reached XP level 7. HP: 46/53 MP: 7/7
  4240 | D:5      | Noticed Edmund
  4462 | D:5      | Reached skill level 8 in Ranged Weapons
  4678 | D:5      | Killed Edmund
  4846 | D:5      | Noticed Menkaure
  4876 | D:5      | Reached skill level 9 in Ranged Weapons
  4973 | D:5      | Killed Menkaure
  4974 | D:5      | Gained mutation: Your demonic aura sometimes causes spilled
                  | blood to erupt in flames. [demonic ancestry]
  4974 | D:5      | Reached XP level 8. HP: 46/59 MP: 8/8
  5073 | D:$      | Got out of the dungeon alive.

Illustrated notes

Levels and vault maps discovered:
D:1:      heliophobic_arrival_enchanted_forest, layout_basic, serial_shops,
          nicolae_shop_behind_doors, kennysheep_nondescript
D:2:      layout_basic, serial_shops, nicolae_shop_back_alley_shop,
          nicolae_ecumenical_snake_handling, basic_altar
D:3:      layout_basic
D:4:      minmay_inner_zag, layout_gridville, mainiacjoe_overflow_tiny_flanked,
          mainiacjoe_overflow_cross_hatched, minmay_temple_entry_mini_moons
D:5:      layout_loops_cross, portal_sewer_entry_a, dk_rats_in_the_wall,
          uniq_menkaure, uniq_edmund
D:6:      layout_loops_cross, kennysheep_mini, grunt_decor_resistance
Temple:   nicolae_temple_bog_church

Skill      XL: |  1  2  3  4  5  6  7 |
---------------+----------------------+-----
Ranged Weapons | 4 5 6 7 9 |  9.3
Fighting       | |  2.0
Dodging        | |  1.7
Stealth        | |  0.8

Action                     |  1- 3 |  4- 6 |  7- 9 || total
---------------------------+-------+-------+-------++-------
   Fire: Shortbow          |   134 |   210 |    76 ||   420
    Use: Potion            |     2 |       |     1 ||     3
         Scroll            |       |     6 |     3 ||     9
 Armour: Leather armour    |    28 |    47 |     7 ||    82
  Dodge: Dodged            |    46 |    71 |    19 ||   136
